 Dungeon Crawl Stone Soup version 0.18.1-8-gdd0e5ea (webtiles) character file.

2786 M4edhros the Covert (level 9, -2/63 HPs)
             Began as an Octopode Artificer on June 7, 2016.
             Was a Priest of Fedhas.
             Slain by an orc
             ... wielding a +0 falchion
              (3 damage)
             ... on level 7 of the Dungeon.
             The game lasted 00:08:49 (7468 turns).

M4edhros the Covert (Octopode Artificer)            Turns: 7468, Time: 00:08:51

Health: -2/63      AC:  1    Str: 16    XL:     9   Next: 70%
Magic:  11/11      EV: 15    Int: 14    God:    Fedhas [***...]
Gold:   345        SH:  0    Dex: 18    Spells: 0 memorised, 8 levels left

rFire  + . .     SeeInvis .     A - +1 short sword (venom)
rCold  + . .     Gourm    .     (no shield)
rNeg   . . .     Faith    +     (helmet restricted)
rPois  .         Spirit   .     i - amulet of faith
rElec  .         Dismiss  .     n - ring of teleportation
rCorr  .         Reflect  .     j - +2 ring of dexterity
SustAt .         Harm     .     F - +6 ring of strength
MR     .....     Rnd*Tele +     I - ring of teleportation (curse)
Stlth  ++++++++..               (no ring)
                                (no ring)
                                (no ring)
                                (no ring)

@: not resistant to hostile enchantments, extraordinarily stealthy
A: almost no armour, amphibious, 8 rings, constrict 8, camouflage 1, cold
resistance 1, fire resistance 1, robust 1, gelatinous body 1, subdued magic 1
a: Evolution, Sunlight, Growth, Renounce Religion


You were on level 7 of the Dungeon.
You worshipped Fedhas.
Fedhas was most pleased with you.
You were not hungry.

You visited 1 branch of the dungeon, and saw 7 of its levels.

You collected 345 gold pieces.

Inventory:

Hand Weapons
 a - a +0 short sword
 o - a +2 short sword of draining
 A - a +1 short sword of venom (weapon)
 G - a +0 hunting sling
Missiles
 z - 130 stones (quivered)
 E - 85 sling bullets
Jewellery
 i - an amulet of faith (around mantle)
 j - a +2 ring of dexterity (right tentacle)
 n - a ring of teleportation (left tentacle)
 F - a +6 ring of strength (on tentacle)
 I - a cursed ring of teleportation (on tentacle)
Wands
 b - a wand of flame (0/48)
 c - a wand of enslavement (5/24)
 d - a wand of random effects (12/48)
 r - a wand of flame (25/48)
 s - a wand of flame (24/48)
 v - a wand of disintegration (1/24)
Scrolls
 e - 3 scrolls of identify
 g - 2 scrolls of recharging
 h - 2 scrolls of remove curse
 k - a scroll of fear {unknown}
 l - 3 scrolls of teleportation {unknown}
 m - 2 scrolls of fog {unknown}
 q - 3 scrolls of amnesia {unknown}
 u - a scroll of enchant armour {unknown}
 w - a scroll of vulnerability {unknown}
 y - a scroll of noise {unknown}
 C - a scroll of random uselessness {unknown}
 D - a scroll of blinking {unknown}
Potions
 p - a potion of haste {unknown}
 t - a potion of magic {unknown}
 J - a potion of beneficial mutation
Books
 x - a book of Fire

   Spells                             Type                      Level
   a - Ignite Poison                  Fire/Transmutation/Poison    3
   b - Fireball                       Conjuration/Fire             5
   c - Bolt of Fire                   Conjuration/Fire             6
   d - Delayed Fireball               Conjuration/Fire             7
   e - Ring of Flames                 Charms/Fire                  7
Comestibles
 f - 6 bread rations
 B - 3 fruits
 H - a meat ration


   Skills:
 + Level 4.0 Fighting
 - Level 1.0 Short Blades
 * Level 5.3 Slings
 + Level 4.4 Dodging
 - Level 14.0 Stealth
 - Level 3.2 Evocations


You had 8 spell levels left.
You didn't know any spells.

Dungeon Overview and Level Annotations

Branches:
Dungeon (7/15)             Temple (0/1) D:7

Altars:
Cheibriados
Fedhas
Gozag
Nemelex Xobeh
Okawaru
Qazlal
Ru
Vehumet
Zin

Shops:
D:4 (


Innate Abilities, Weirdness & Mutations

You cannot wear most types of armour.
You are amphibious.
You can wear up to eight rings at the same time.
You can use your tentacles to constrict eight enemies at once.
Your skin changes colour to match your surroundings (Stealth).
Your rubbery body absorbs attacks (AC +1).
Your flesh is cold resistant.
Your flesh is heat resistant.
You are robust (+10% HP).
Your spells are a little easier to cast, but a little less powerful.


Message History

The orc seems to speed up.
This wand has 12 charges left.
The orc priest invokes the aid of Beogh against you.
Beogh smites you!
You hit the orc but do no damage.
The orc is poisoned.
You grab the orc.
The orc is moderately wounded.
You constrict the orc. The orc hits you with a falchion!
* * * LOW HITPOINT WARNING * * *
The orc escapes!
Evoke which item? (* to show all) (? for menu, Esc to quit)
Zapping:
c - a wand of enslavement (6/24)
Press: ? - help, Shift-Dir - straight line, f/p - orc priest
Aim: an orc priest, wielding a club (chance to defeat MR: 52%)
The orc priest resists with significant effort.
This wand has 5 charges left.
The orc priest invokes the aid of Beogh against you.
Beogh smites you!
* * * LOW HITPOINT WARNING * * *
The orc hits you with a falchion.
You die...
Fedhas appreciates your contribution to the ecosystem.

#.........#.######
#.#............#
#.#.#.......##.#
#....#####..# ..
#.#.######..######
#..>........Z..P#
###.......#.###P#
........).###P##
..........##@..#
..........o)o...#
.................#
....................
#...........b...%##.
#....###.##.....## #
.#.# ##.##...## .#
...## ## #(


You could see an orc priest and an orc.

Vanquished Creatures
  The ghost of Gagarin the Covert, an amateur KoAs (D:6)
  Eustachio (D:5)
  A hungry ghost (D:7)
  A hog (D:7)
  An orc warrior (D:6)
  A black bear (D:5)
  A sky beast (D:6)
  A phantom (D:5)
  2 ogres
  2 centaurs
  2 giant frogs
  A scorpion (D:5)
  Dowan (D:5)
  4 crimson imps
  2 giant frog zombies (D:5)
  A centaur skeleton (D:7)
  6 orc priests
  A hound (D:6)
  2 giant frog skeletons
  7 orc wizards
  6 worker ants
  2 hound skeletons
  5 adders
  A shadow imp (D:7)
  2 adder skeletons
  3 worms
  3 dart slugs
  4 giant geckos
  23 orcs
  4 bats
  6 giant cockroaches
  11 goblins
  6 hobgoblins
  6 jackals
  5 kobolds
  4 quokkas
  A ball python (D:3)
  5 giant newts
  2 quokka skeletons
  A quokka zombie (D:7)
  11 rats
150 creatures vanquished.

Vanquished Creatures (collateral kills)
  The ghost of M4edhros the Covert, a novice OpAr (D:5)
  A human (D:7)
  A sheep (D:7)
  3 orcs (D:6)
6 creatures vanquished.

Vanquished Creatures (others)
  Duvessa (D:5)
  A centaur (D:7)
  An orc priest (D:7)
  A worker ant zombie (D:7)
  54 toadstools
58 creatures vanquished.

Grand Total: 214 creatures vanquished

Notes
Turn   | Place    | Note
--------------------------------------------------------------
     0 | D:1      | M4edhros the Octopode Artificer began the quest for the Orb.
     0 | D:1      | Reached XP level 1. HP: 13/13 MP: 3/3
    24 | D:1      | Reached skill level 2 in Stealth
    38 | D:1      | Reached skill level 3 in Stealth
    38 | D:1      | Reached XP level 2. HP: 17/18 MP: 4/4
   327 | D:3      | Reached skill level 4 in Stealth
   327 | D:3      | Reached XP level 3. HP: 11/23 MP: 5/5
   701 | D:4      | Found Oluhas's Antique Weapon Shop.
   721 | D:4      | Reached skill level 5 in Stealth
   722 | D:4      | Gained mutation: Your flesh is cold resistant. [potion of beneficial mutation]
   959 | D:4      | Reached XP level 4. HP: 22/28 MP: 6/6
   960 | D:4      | Reached skill level 6 in Stealth
  1033 | D:4      | Reached XP level 5. HP: 25/33 MP: 7/7
  1133 | D:4      | Reached skill level 7 in Stealth
  1280 | D:4      | Reached skill level 8 in Stealth
  1742 | D:4      | Reached XP level 6. HP: 36/38 MP: 8/8
  1870 | D:5      | Entered Level 5 of the Dungeon
  2061 | D:5      | Noticed a black bear
  2070 | D:5      | Killed a black bear
  2070 | D:5      | Reached skill level 9 in Stealth
  2258 | D:5      | Noticed Duvessa
  2258 | D:5      | Noticed Dowan
  2258 | D:5      | Noticed M4edhros's ghost (novice OpAr)
  2261 | D:5      | Killed Dowan
  2261 | D:5      | Reached skill level 10 in Stealth
  2261 | D:5      | Reached XP level 7. HP: 43/43 MP: 9/9
  2268 | D:5      | Killed M4edhros's ghost
  2286 | D:5      | Killed Duvessa
  2286 | D:5      | Reached skill level 11 in Stealth
  3144 | D:5      | Noticed Eustachio
  3146 | D:5      | Reached skill level 12 in Stealth
  3157 | D:5      | Killed Eustachio
  3157 | D:5      | Reached XP level 8. HP: 41/48 MP: 10/10
  3295 | D:5      | Reached skill level 13 in Stealth
  3651 | D:6      | Noticed Gagarin's ghost (amateur KoAs)
  3672 | D:6      | Killed Gagarin's ghost
  3672 | D:6      | Reached skill level 14 in Stealth
  3831 | D:6      | Found an opulent altar of Gozag.
  3831 | D:6      | Found a blossoming altar of Fedhas.
  3831 | D:6      | Found a stormy altar of Qazlal.
  3831 | D:6      | Found a snail-covered altar of Cheibriados.
  3838 | D:6      | Became a worshipper of Fedhas Madash
  3843 | D:6      | Found a sparkling altar of Nemelex Xobeh.
  3843 | D:6      | Found an iron altar of Okawaru.
  3899 | D:6      | Found a sacrificial altar of Ru.
  4253 | D:1      | Reached * piety under Fedhas
  5370 | D:3      | Reached ** piety under Fedhas
  5540 | D:3      | Reached skill level 1 in Slings
  5944 | D:5      | Reached XP level 9. HP: 47/55 MP: 11/11
  6213 | D:6      | Found a glowing silver altar of Zin.
  6382 | D:6      | Gained mutation: Your spells are a little easier to cast, but a little less powerful. [mutagenic meat]
  6383 | D:6      | Gained mutation: Your magical capacity is low (-10% MP). [mutagenic meat]
  6384 | D:6      | Lost mutation: Your magical capacity is low (-10% MP). [mutagenic meat]
  6385 | D:6      | Gained mutation: Your flesh is heat resistant. [mutagenic meat]
  6386 | D:6      | Gained mutation: You are robust (+10% HP). [mutagenic meat]
  7021 | D:7      | Found a radiant altar of Vehumet.
  7085 | D:7      | Reached *** piety under Fedhas
  7402 | D:7      | Found a staircase to the Ecumenical Temple.
  7440 | D:7      | Reached skill level 5 in Slings
  7468 | D:7      | HP: 1/63 [orc priest/divine providence (14)]
  7468 | D:7      | Slain by an orc

Skill      XL: |  1  2  3  4  5  6  7  8  9 |
---------------+----------------------------+-----
Stealth        | 3 4 5 6 8 10 12 14 | 14.0
Fighting       | 2 4 |  4.0
Slings         | 1 5 |  5.3
Dodging        | 3 4 |  4.4
Short Blades   | |  1.0
Evocations     | |  3.2

Action                   |  1- 3 |  4- 6 |  7- 9 || total
-------------------------+-------+-------+-------++-------
Melee: Short sword       |    42 |    48 |   234 ||   324
       Constrict         |    11 |    13 |    50 ||    74
       Tentacles         |     5 |     5 |    45 ||    55
Evoke: Wand              |       |       |    28 ||    28
  Use: Potion            |     2 |       |     4 ||     6
       Scroll            |       |       |     4 ||     4
 Stab: Sleeping          |     8 |     9 |    33 ||    50
  Eat: Chunk             |       |     4 |    10 ||    14
       Meat ration       |       |       |     2 ||     2
       Royal jelly       |       |       |     2 ||     2
Armor: Skin              |     3 |     1 |     9 ||    13
Dodge: Dodged            |    21 |    21 |   125 ||   167
